 Dungeon Crawl Stone Soup version 0.31.0-32-g396128a36d (webtiles) character file.

Game seed: 11185550077984043820

21322 middlethird the Carver (level 12, 0/70 HPs)
             Began as a Vine Stalker Ice Elementalist on Apr 20, 2024.
             Was a High Priest of Cheibriados.
             Slain by a -4 hand axe (8 damage)
             ... on level 12 of the Dungeon.
             The game lasted 00:55:49 (4204 turns).

middlethird the Carver (VSIE)                       Turns: 4204, Time: 00:55:50

Health: 0/70       AC:  5    Str: 22    XL:     12   Next: 88%
Magic:  0/36       EV: 17    Int: 35    God:    Cheibriados [*****.]
Gold:   145        SH:  0    Dex: 27    Spells: 16/31 levels left

rFire   + . .        a - +2 long sword (flame)
rCold   + . .        (no shield)
rNeg    . . .        g - +0 robe
rPois   .            c - +2 helmet {SInv}
rElec   .            h - scarf {rC+ rF+}
rCorr   .            (no gloves)
SInv    +            (no boots)
Will    +....        (no amulet)
Stlth   +++          n - ring of wizardry
HPRegen 1.11/turn    A - ring of magical power
MPRegen 0.25/turn

%: guardian spirit, wizardry (x1)
@: very slow
A: fangs 3, regeneration 1, magic shield, antimagic bite, no potion heal 2,
clever 1, robust 1
a: Renounce Religion, Bend Time, Temporal Distortion, Slouch, Step From Time


You were on level 12 of the Dungeon.
You worshipped Cheibriados.
Cheibriados was extremely pleased with you.
You visited 2 branches of the dungeon, and saw 13 of its levels.
You visited 1 bazaar.
You also visited: Bailey.

You collected 462 gold pieces.
You spent 317 gold pieces at shops.

Inventory:

Hand Weapons
 a - a +2 long sword of flaming (weapon)
 b - a +0 great sword of freezing
 B - the +9 rapier of the Growing Oracle {flame, ^Fragile rPois rC+ Str+4}
   (You found it on level 10 of the Dungeon)

   Str+4:     It affects your strength (+4).
   rC+:       It protects you from cold.
   rPois:     It protects you from poison ^Fragile: It will be destroyed if
   unequipped.
 F - a +3 dagger of protection
Missiles
 s - 13 boomerangs (quivered)
 G - 2 poisoned darts
Armour
 c - a +2 helmet of see invisible (worn)
 g - a +0 robe (worn)
 h - a scarf of resistance (worn)
Magical Staves
 q - a staff of fire
Jewellery
 n - a ring of wizardry (left hand)
 A - a ring of magical power (right hand)
Wands
 p - a wand of paralysis (6)
 u - a wand of roots (8)
 y - a wand of mindburst (7)
Scrolls
 e - 2 scrolls of silence
 f - a scroll of brand weapon
 l - a scroll of amnesia
 m - 2 scrolls of enchant weapon
 o - a scroll of identify
 r - 2 scrolls of immolation
 v - a scroll of blinking
 w - a scroll of revelation
Potions
 d - a potion of cancellation
 j - a potion of enlightenment {unknown}
 k - 4 potions of curing
 t - a potion of brilliance
 x - a potion of heal wounds {unknown}
 D - a potion of mutation
 E - a potion of might
 H - a potion of degeneration {unknown}
Miscellaneous
 i - a lightning rod (1/4)
 C - a phantom mirror (inert)


   Skills:
 + Level 8.1 Fighting
 - Level 14.0 Long Blades
 - Level 6.0 Dodging
 - Level 3.0 Stealth
 + Level 10.2 Spellcasting
 - Level 4.0 Ice Magic
 - Level 4.0 Invocations


You had 16 spell levels left.
You knew the following spells:

 Your Spells              Type           Power      Damage    Failure   Level
f - Freeze                Ice            100%       1d10      1%          1
g - Frozen Ramparts       Ice            90%        1d14      1%          3
h - Ozocubu's Armour      Ice            45%        N/A       1%          3
i - Summon Ice Beast      Ice/Summ       31%        N/A       1%          3
j - Freezing Cloud        Conj/Ice/Air   13%        6-21      16%         5

Your spell library contained the following spells:

 Spells                   Type           Power      Damage    Failure   Level
 Magic Dart               Conj           68%        1d6       1%          1
 Cigotuvi's Dreadful Rot  Necr/Alch/Air  34%        N/A       1%          2
 Searing Ray              Conj           34%        2d5       1%          2
 Fulminant Prism          Conj/Alch      8%         3d7       10%         4
 Ignite Poison            Fire/Alch      17%        N/A       10%         4


Dungeon Overview and Level Annotations

Branches:
Dungeon (12/15)            Temple (1/1) D:7            Lair (0/5) D:11
 Bailey (visited)
    Orc: D:9-12

Altars:
Ashenzari
Cheibriados
Dithmenos
Fedhas
Gozag
Hepliaklqana
Kikubaaqudgha
Makhleb
Nemelex Xobeh
Okawaru
Qazlal
Ru
Sif Muna
Trog
Uskayaw
Vehumet
Wu Jian
Xom
Yredelemnul
Zin
The Shining One

Shops:
D:5 *:   D:7 :   D:8 *[

Annotations:
D:9 Grum
D:12 hive


Innate Abilities, Weirdness & Mutations

You have razor-sharp teeth.
Your natural rate of healing is unusually fast.
When hurt, damage is shared between your health and your magic reserves.
Your bite disrupts and absorbs the magic of your enemies.
Potions cannot restore your health.
Your mind is acute. (Int +4, Str/Dex -1)
You are robust. (+10% HP)


Message History

Your ice beast completely misses the killer bee.
You catch the helpless killer bee completely off-guard!
You hit the killer bee. You burn the killer bee. You bite the killer bee.
You drain its power.
You feel invigorated.
The killer bee is moderately wounded.
You feel sick.
Your ice beast disappears in a puff of smoke!
The killer bee closely misses you. The killer bee stings you.
* * * LOW HITPOINT WARNING * * *
Unknown command.
You miss the killer bee.
The killer bee is moderately wounded.
The killer bee closely misses you.
Unknown command.
Unknown command.
Unknown command.
You hit the killer bee. You burn the killer bee. You bite the killer bee.
You kill the killer bee!
Cheibriados thoroughly appreciates the change of pace.
Cheibriados raises the support of your attributes as your movement slows.
You feel sick.
You are no longer poisoned.
Unknown command.
Unknown command.
Casting: Summon Ice Beast (safe; 1% risk of failure)
Confirm with . or Enter, or press ? or * to list all spells.
A chill wind blows around you.
A -4 hand axe comes into view.
The -4 hand axe misses you.
You hit the -4 hand axe but do no damage.
You bite the -4 hand axe, but do no damage.
The -4 hand axe hits you!
* * * LOW HITPOINT WARNING * * *
The -4 hand axe hits your ice beast but does no damage.
Unknown command.
Unknown command.
Unknown command.
You barely miss the -4 hand axe. Your bite misses the -4 hand axe.
The -4 hand axe hits you!
You die...

## #############
.#####...........##
...#..............#
......♣♣♣♣♣.♣♣.♣..#
..♣♣♣♣♣...)♣.....♣#
#♣♣ ♣.♣...♣...♣..#
♣......♣..♣..#
♣.......♣♣(Y.#
..♣♣.......♣@.# .
..♣.....y♣..#
♣...♣.).♣.♣..# .
..♣....♣♣..#
♣3♣♣♣♣♣...# .N.
♣...## ....♣ ♣.###
.⌠.... ♣♣ ......


You could see a -4 hand axe (ally target) and a friendly ice beast (summoned).

Vanquished Creatures
  An orc warlord (Bailey)
  A rakshasa (D:12)
  3 two-headed ogres
  A dancing weapon (D:12)
  A skeletal warrior (D:10)
  A sun demon (D:12)
  A harpy (shapeshifter) (D:9)
  A cyclops (D:12)
  2 meliai (D:11)
  4 centaur zombies (D:10)
  An unseen horror (D:9)
  A kobold demonologist (D:11)
  2 hornets (D:10)
  A polar bear (D:12)
  A troll (D:12)
  3 meliai zombies (D:10)
  6 vampires (D:10)
  2 wyverns
  7 wraiths
  5 shadows
  13 yaks
  2 vampire mosquitoes
  A warg (D:11)
  2 water moccasins
  2 ice beasts
  4 orc warriors (Bailey)
  2 ogres
  4 wolves
  4 centaurs
  9 phantoms
  A bullfrog (D:8)
  2 kobold brigands (D:11)
  A gnoll sergeant (D:7)
  2 scorpions (D:5)
  4 wights (D:10)
  14 killer bees
  A howler monkey (D:8)
  A hound (D:7)
  2 jellies
  A gnoll bouda (D:9)
  5 orc priests
  3 iguanas
  3 orc wizards
  Robin (D:3)
  13 gnolls
  4 adders
  A shadow imp (D:6)
  2 white imps (D:7)
  12 orcs
  3 bats
  5 endoplasms
  2 giant cockroaches (D:4)
  12 goblins
  9 hobgoblins
  2 jackals (D:2)
  3 ball pythons
  14 kobolds
211 creatures vanquished.

Vanquished Creatures (collateral kills)
  A naga sharpshooter (D:12)
  A yak (D:11)
2 creatures vanquished.

Vanquished Creatures (others)
  A meliai (D:11)
  A kobold brigand (D:11)
2 creatures vanquished.

Grand Total: 215 creatures vanquished

Notes
Turn   | Place    | Note
-------+----------+-------------------------------------------
     0 | D:1      | middlethird the Vine Stalker Ice Elementalist began the
                  | quest for the Orb.
     0 | D:1      | Reached XP level 1. HP: 9/9 MP: 4/4
   138 | D:2      | Reached XP level 2. HP: 13/13 MP: 2/6
   352 | D:3      | Noticed Robin
   402 | D:3      | Reached XP level 3. HP: 16/16 MP: 6/8
   410 | D:3      | Learned a level 3 spell: Frozen Ramparts
   414 | D:3      | Learned a level 3 spell: Ozocubu's Armour
   507 | D:2      | Reached XP level 4. HP: 21/21 MP: 6/10
   542 | D:3      | Killed Robin
   547 | D:3      | Reached skill level 1 in Long Blades
   594 | D:4      | Found a bloodstained altar of Trog.
   723 | D:5      | Entered Level 5 of the Dungeon
   750 | D:5      | Noticed an ogre
   757 | D:5      | Killed an ogre
   758 | D:5      | Reached skill level 1 in Fighting
   758 | D:5      | Reached skill level 2 in Long Blades
   758 | D:5      | Reached XP level 5. HP: 25/25 MP: 3/12
   846 | D:3      | Learned a level 3 spell: Summon Ice Beast
   928 | D:5      | Reached skill level 3 in Long Blades
   928 | D:5      | Reached XP level 6. HP: 30/30 MP: 7/13
   930 | D:5      | Found Zin's Purification Station.
   935 | D:5      | Found a glowing silver altar of Zin.
   964 | D:5      | Noticed an ice beast
   972 | D:5      | Killed an ice beast
   973 | D:5      | Reached skill level 4 in Long Blades
   993 | D:5      | Reached XP level 7. HP: 35/35 MP: 7/14
   996 | D:5      | Found Rall's Self-Improvement Boutique.
  1061 | D:5      | Found an iron altar of Okawaru.
  1301 | D:7      | Reached skill level 5 in Long Blades
  1301 | D:7      | Reached skill level 5 in Spellcasting
  1311 | D:7      | Found Rutz's Book Shoppe.
  1311 | D:7      | Noticed a walking frostbound tome
  1313 | D:7      | Noticed a walking frostbound tome
  1392 | D:7      | Noticed a wraith
  1476 | D:7      | Found a flagged portal.
  1486 | Bailey   | Entered a bailey
  1491 | Bailey   | Noticed an orc warlord
  1530 | Bailey   | Gained mutation: You have razor-sharp teeth. [Vine Stalker
                  | growth]
  1530 | Bailey   | Reached XP level 8. HP: 37/39 MP: 6/17
  1534 | Bailey   | Reached skill level 6 in Long Blades
  1585 | Bailey   | Found a runed translucent gate.
  1600 | Bailey   | Found a runed translucent gate.
  1602 | Bailey   | Found a runed translucent gate.
  1716 | Bailey   | Gained mutation: You are frail. (-10% HP) [potion of
                  | mutation]
  1716 | Bailey   | Gained mutation: You have large cloven feet. [potion of
                  | mutation]
  1716 | Bailey   | Gained mutation: Your mind is acute. (Int +4, Str/Dex -1)
                  | [potion of mutation]
  1718 | Bailey   | Lost mutation: You have large cloven feet. [potion of
                  | mutation]
  1718 | Bailey   | Lost mutation: You are frail. (-10% HP) [potion of
                  | mutation]
  1718 | Bailey   | Lost mutation: Your mind is acute. (Int +4, Str/Dex -1)
                  | [potion of mutation]
  1718 | Bailey   | Gained mutation: Your mind is acute. (Int +4, Str/Dex -1)
                  | [potion of mutation]
  1718 | Bailey   | Gained mutation: You are robust. (+10% HP) [potion of
                  | mutation]
  1801 | Bailey   | Killed an orc warlord
  1802 | Bailey   | Reached XP level 9. HP: 49/49 MP: 5/19
  1828 | Bailey   | Reached skill level 12 in Long Blades
  1828 | Bailey   | Reached XP level 10. HP: 53/53 MP: 9/20
  1853 | D:7      | Found a staircase to the Ecumenical Temple.
  1864 | Temple   | Entered the Ecumenical Temple
  1872 | Temple   | Became a worshipper of Cheibriados the Contemplative
  2013 | D:8      | Found Buuhauw's General Store.
  2214 | D:8      | Found Mealooru's Armour Boutique.
  2219 | D:8      | Bought a +1 helmet of see invisible for 181 gold pieces
  2287 | D:8      | Reached * piety under Cheibriados
  2383 | D:9      | Noticed an unseen horror
  2385 | D:9      | Noticed a harpy
  2395 | D:9      | Noticed an entropy weaver
  2397 | D:9      | Killed an unseen horror
  2399 | D:9      | an entropy weaver changed into a harpy
  2399 | D:9      | Noticed a harpy (shapeshifter)
  2406 | D:9      | Killed a harpy
  2473 | D:9      | Noticed Grum
  2550 | D:9      | Reached skill level 1 in Invocations
  2759 | D:10     | Entered Level 10 of the Dungeon
  2843 | D:10     | Reached ** piety under Cheibriados
  2844 | D:10     | Reached XP level 11. HP: 42/59 MP: 11/24
  2916 | D:10     | Reached skill level 5 in Fighting
  2983 | D:10     | Learned a level 5 spell: Freezing Cloud
  3000 | D:10     | Reached skill level 13 in Long Blades
  3218 | D:10     | Reached *** piety under Cheibriados
  3383 | D:10     | Reached skill level 14 in Long Blades
  3424 | D:10     | Noticed a skeletal warrior
  3430 | D:10     | Killed a skeletal warrior
  3431 | D:10     | Reached XP level 12. HP: 68/68 MP: 25/25
  3462 | D:10     | Reached **** piety under Cheibriados
  3479 | D:10     | Identified the +9 rapier of the Growing Oracle {flame,
                  | ^Fragile rPois rC+ Str+4}
  3514 | D:11     | Found the +5 Force Lance {heavy, knockback}
  3515 | D:11     | Found a flickering gateway to a bazaar.
  3573 | D:11     | Found a staircase to the Lair.
  3583 | Bazaar   | Entered a bazaar
  3587 | Bazaar   | Found Ruladif's Distillery.
  3606 | Bazaar   | Found Xojoy's Distillery.
  3623 | Bazaar   | Found Iphabb's Book Boutique.
  3639 | Bazaar   | Found Qigapent's Armour Shoppe.
  3677 | Bazaar   | Bought a potion of mutation for 80 gold pieces
  3692 | Bazaar   | Bought a potion of might for 56 gold pieces
  3754 | D:11     | Noticed a two-headed ogre
  3766 | D:11     | Killed a two-headed ogre
  3979 | D:11     | Reached ***** piety under Cheibriados
  3997 | D:12     | Noticed a two-headed ogre
  4010 | D:12     | Killed a two-headed ogre
  4011 | D:12     | Reached skill level 10 in Spellcasting
  4015 | D:12     | Noticed a two-headed ogre
  4034 | D:12     | Killed a two-headed ogre
  4091 | D:12     | Reached skill level 5 in Dodging
  4095 | D:12     | HP: 3/70 [poisoned by a -4 hand axe of venom]
  4153 | D:12     | Noticed a rakshasa
  4164 | D:12     | Killed a rakshasa
  4166 | D:12     | Noticed a naga sharpshooter
  4169 | D:12     | Noticed a sun demon
  4184 | D:12     | Killed a sun demon
  4193 | D:12     | Killed a naga sharpshooter
  4204 | D:12     | Slain by a -4 hand axe

Illustrated notes

Levels and vault maps discovered:
D:1:      nicolae_arrival_washed_ashore, layout_rooms,
          shapermc_ecumenical_altar_mp_ritualfount
D:2:      minmay_spotlight, layout_basic, minmay_misc_feat_alley,
          nicolae_elevator_lobby_plus, uniq_jessica
D:3:      layout_rooms, uniq_robin
D:4:      layout_layer_cave, mainiacjoe_overflow_chevrons
D:5:      layout_loops_ring, zin_purify, mainiacjoe_overflow_catwalk,
          nicolae_shop_self_help
D:6:      layout_loops_corners, nicolae_elyvilon_peaceful_grove, serial_shops,
          shop, shop, nicolae_shop_back_alley_shop, nicolae_lakefront_shop,
          nicolae_zen_rock_garden
D:7:      nicolae_BIG_FREAKIN_CUBE, layout_basic, minmay_temple_entry_mist,
          enter_bailey_2, serial_shops, nicolae_shop_mannequins,
          minmay_checkerbox
D:8:      layout_rooms, serial_shops, shop, nicolae_stop_n_shop_2,
          grunt_ministairs_2, minmay_misc_feat_room, nicolae_eternal_life
D:9:      layout_irregular_city, minivault_27, wad_floor_pattern_untrapped,
          uniq_grum
D:10:     bobbens_index_wilting_gardens, layout_loops_ring, david_orc_5
D:11:     layout_cross, erik_lair_orcish_takeover, serial_shops, freezing_bzr
D:12:     regret_index_nemelex_summoning_deck_glade, layout_basic, drop_trap
Temple:   dpeg_three_leaves_temple

Skill      XL: |  1  2  3  4  5  6  7  8  9 10 11 12 |
---------------+-------------------------------------+-----
Stealth        | 3 |  3.0
Dodging        | 2 4 6 |  6.0
Spellcasting   | 3 4 5 6 8 10 | 10.2
Long Blades    | 2 3 4 5 6 12 14 | 14.0
Fighting       | 1 2 4 6 8 |  8.1
Invocations    | 1 4 |  4.0
Ice Magic      | |  4.0

Action                     |  1- 3 |  4- 6 |  7- 9 | 10-12 || total
---------------------------+-------+-------+-------+-------++-------
  Melee: Whip              |    16 |       |       |       ||    16
         Bite              |     7 |    12 |    15 |   154 ||   188
         Long sword        |     9 |    46 |    72 |   412 ||   539
         Punch             |       |     2 |     1 |     8 ||    11
         Great sword       |       |       |       |    10 ||    10
  Throw: Boomerang         |       |       |     4 |       ||     4
         Dart              |       |       |       |     1 ||     1
   Cast: Freeze            |    15 |     6 |     1 |     1 ||    23
         Frozen Ramparts   |     3 |     3 |     8 |    39 ||    53
         Ozocubu's Armour  |     1 |     4 |     8 |    49 ||    62
         Summon Ice Beast  |       |       |     2 |     6 ||     8
         Freezing Cloud    |       |       |       |     5 ||     5
  Evoke: Wand              |       |       |     1 |     4 ||     5
         Lightning rod     |       |       |       |    11 ||    11
         Phantom mirror    |       |       |       |     1 ||     1
    Use: Potion            |     1 |     1 |     5 |       ||     7
         Scroll            |       |       |    10 |     8 ||    18
   Stab: Sleeping          |     2 |     3 |     2 |     4 ||    11
         Paralysed         |       |       |       |     2 ||     2
         Distracted        |       |       |       |     2 ||     2
 Armour: Robe              |    29 |    29 |    61 |   365 ||   484
  Dodge: Dodged            |    26 |    27 |    53 |   358 ||   464
